 Dungeon Crawl Stone Soup version 0.29.0-4-gdea44cf6ec (webtiles) character file.

Game seed: 18309185915721373310

64 qw the Chopper (level 3, 0/29 HPs)
             Began as a Demonspawn Cinder Acolyte on Sept 9, 2022.
             Was a High Priest of Ignis.
             Slain by Grinder (3 damage)
             ... while paralysed by Grinder
             ... on level 3 of the Dungeon.
             The game lasted 00:00:46 (2244 turns).

qw the Chopper (Demonspawn Cinder Acolyte)          Turns: 2244, Time: 00:00:47

Health: 0/29       AC:  8    Str: 16    XL:     3   Next: 91%
Magic:  4/4        EV:  2    Int: 15    God:    Ignis [*****.]
Gold:   107        SH:  0    Dex:  8    Spells: 4/4 levels left

rFire   + . .      SeeInvis .   Y - -1 hand axe (flame)
rCold   . . .      Faith    .   (no shield)
rNeg    . . .      Spirit   .   e - +0 ring mail
rPois   .          Reflect  .   (no helmet)
rElec   .          Harm     .   (no cloak)
rCorr   .          Rampage  .   h - +0 pair of gloves
Will    .....                   (no boots)
Stlth   ..........              (no amulet)
HPRegen 0.09/turn               (no ring)
MPRegen 0.09/turn               (no ring)

@: paralysed
A: thin metallic scales 1
a: Renounce Religion, Fiery Armour, Foxfire Swarm, Rising Flame


You were on level 3 of the Dungeon.
You worshipped Ignis.
Ignis was extremely pleased with you.
You visited 1 branch of the dungeon, and saw 3 of its levels.

You collected 107 gold pieces.


Innate Abilities, Weirdness & Mutations

You are partially covered in thin metallic scales. (AC +2)


   Skills:
 - Level 3.0 Fighting
 + Level 4.4 Axes
 - Level 1.0 Spellcasting
 - Level 2.6 Fire Magic


You had 4 spell levels left.
You didn't know any spells.
Your spell library contained the following spells:

 Spells                   Type           Power      Damage    Failure   Level
 Scorch                   Fire           16%        2d6       24%         2

Inventory:

Hand Weapons
 Y - a -1 hand axe of flaming (weapon)
Armour
 e - a +0 ring mail (worn)
 h - a +0 pair of gloves (worn)
Potions
 a - a potion of heal wounds {unknown}
 c - a potion of haste {unknown}
 d - a potion of attraction {unknown}
 f - a potion of curing {unknown}
 i - a potion of cancellation {unknown}
 j - a potion of berserk rage {unknown}

Dungeon Overview and Level Annotations

Branches:
Dungeon (3/15)

Altars:

Annotations:
D:1 1 transporter
D:3 Grinder


Message History

Done exploring.
(D) Dungeon
Where to? (* - list waypoints, Enter - D:2, ? - help)
What level of the Dungeon? (default 1, ? - help)
There is a stone staircase leading down here.
You climb downwards.
There is a stone staircase leading up here.
Existing waypoints: (1) D:2 (2) D:1 Assign waypoint to what number? (0-9, D - delete waypoint) Waypoint 2 re-assigned from D:1 to D:3.
Grinder comes into view.
Grinder shouts!
You hit Grinder. You burn Grinder.
Grinder is lightly wounded.
Grinder barely misses you.
You closely miss Grinder.
Grinder is lightly wounded.
Grinder closely misses you.
You barely miss Grinder.
Grinder is lightly wounded.
Grinder hits you.
You writhe in agony.
You hit Grinder but do no damage.
Grinder is lightly wounded.
Grinder hits you.
You writhe in agony.
You hit Grinder but do no damage.
Grinder is lightly wounded.
Grinder blinks!
Grinder hits you.
You writhe in agony.
You hit Grinder. You burn Grinder.
Grinder is lightly wounded.
Grinder closely misses you.
You hit Grinder. You burn Grinder.
Grinder is moderately wounded.
Grinder gestures at you.
You suddenly lose the ability to move!
You feel a little less clever now. Grinder hits you.
You writhe in agony.
Grinder hits you.
You writhe in agony.
You die...

#. #.###.
#.....
#..##.#
#..##.###.#
#..<......#
##.##..##.#
#.###5##.#
#....@...#
#####.####
#..# ....#
.#.....
#.....### #
.#.## . ##
#.


You could see Grinder.

Vanquished Creatures
  2 worms (D:2)
  2 dart slugs (D:1)
  4 orcs (D:2)
  4 ball pythons
  3 endoplasms
  A giant cockroach (D:2)
  8 goblins
  4 hobgoblins
  4 jackals (D:1)
  3 kobolds
  5 bats
  3 frilled lizards (D:1)
  3 rats
46 creatures vanquished.

Notes
Turn   | Place    | Note
-------+----------+-------------------------------------------
     0 | D:1      | qw the Demonspawn Cinder Acolyte began the quest for the
                  | Orb.
     0 | D:1      | Reached XP level 1. HP: 18/18 MP: 2/2
     0 | D:1      | 0 ||| qw: Version: 0.1-a-113-g051387a
     0 | D:1      | 0 ||| qw: Game counter: 6977
     0 | D:1      | 0 ||| qw: Always use a shield: true
     0 | D:1      | 0 ||| qw: God list: Okawaru
     0 | D:1      | 0 ||| qw: Allow faded altars: false
     0 | D:1      | 0 ||| qw: Do Orc after D:15 true
     0 | D:1      | 0 ||| qw: Do second Lair branch before Depths: true
     0 | D:1      | 0 ||| qw: Lair rune preference: random
     0 | D:1      | 0 ||| qw: Plans: Normal
     0 | D:1      | 0 ||| PLANNING D:1-11
    35 | D:1      | 35 ||| Stepping ~*~*~tactically~*~*~ (hiding).
    44 | D:1      | Reached skill level 3 in Axes
    89 | D:1      | 89 ||| Stepping ~*~*~tactically~*~*~ (stealth).
   107 | D:1      | 107 ||| INVOKING Fiery Armour.
   108 | D:1      | Gained mutation: You are partially covered in thin metallic
                  | scales. (AC +2) [demonic ancestry]
   108 | D:1      | Reached XP level 2. HP: 24/24 MP: 3/3
   608 | D:1      | Reached XP level 3. HP: 19/29 MP: 4/4
   883 | D:1      | Reached skill level 4 in Axes
  1049 | D:1      | 1049 ||| UPGRADING to +0 ring mail.
  1059 | D:1      | 1059 ||| DROPPING +0 robe.
  1060 | D:1      | 1060 ||| UPGRADING to +0 pair of gloves.
  1065 | D:1      | 1065 ||| READING scroll labelled KUNAOT HUSEN.
  1069 | D:1      | 1069 ||| READING scroll labelled IDYOTEJ MUILIU.
  1344 | D:2      | 1344 ||| FLEEEEING.
  1345 | D:2      | 1345 ||| FLEEEEING.
  1346 | D:2      | 1346 ||| FLEEEEING.
  1351 | D:2      | 1351 ||| STAIRDANCE
  1418 | D:1      | 1418 ||| READING scroll labelled NUSAG COMUOSA.
  1419 | D:1      | 1419 ||| READING scroll labelled IGRI QUISOJI.
  1420 | D:1      | 1420 ||| READING scroll labelled AREFEMMOUF.
  1438 | D:2      | Found a faded altar of an unknown god.
  1668 | D:2      | 1668 ||| Stepping ~*~*~tactically~*~*~ (hiding).
  2186 | D:2      | 2186 ||| DRINKING 2 bubbling cyan potions.
  2187 | D:2      | 2187 ||| DROPPING potion of brilliance.
  2233 | D:3      | Noticed Grinder
  2242 | D:3      | Paralysed by Grinder for 4 turns
  2243 | D:3      | HP: 5/29 [Grinder (4)]
  2244 | D:3      | Slain by Grinder

Levels and vault maps discovered:
D:1:      spicycebolla_arrival_risky_transporter, layout_loops_cross
D:2:      layout_loops_ring, hellmonk_ecumenical_altar_defaced_shrine
D:3:      layout_loops_corners, nicolae_uskayaw_en_pointe, grunt_decor_fettered,
          uniq_terence, uniq_ijyb, uniq_grinder, uniq_robin

Skill      XL: |  1  2  3 |
---------------+----------+-----
Axes           | 3 4 |  4.4
Fighting       | |  3.0
Spellcasting   | |  1.0
Fire Magic     | |  2.6

Action                   || total
-------------------------++-------
Melee: Hand axe          ||   159
       Punch             ||     1
Invok: Fiery Armour      ||     1
  Use: Scroll            ||     5
       Potion            ||     1
Armor: Robe              ||    24
       Ring mail         ||    32
Dodge: Dodged            ||    78

Table legend:
 A = Non-vault XP
 B = Vault XP
 C = Vault XP percentage of total XP
 D = Non-vault monster count
 E = Vault monster count
 F = Vault count percentage of total count
                 A         B        C        D         E       F
            +---------+---------+-------+---------+---------+-------
      Total |      80 |      12 |  13.0 |      42 |       4 |   8.7
            +---------+---------+-------+---------+---------+-------
        D:1 |      53 |       0 |   0.0 |      29 |       0 |   0.0
        D:2 |      27 |      12 |  30.8 |      13 |       4 |  23.5
            +---------+---------+-------+---------+---------+-------
